[Event "Titled Tuesday Blitz February 15 Late 2022"]
[White "Zhigalko, Sergei"]
[Black "Riehle, Marco"]
[WhiteFideId "13502956"]
[BlackFideId "12904392"]
[WhiteElo "2662"]
[BlackElo "2462"]
[Result "1-0"]
[Round "10"]
[TimeControl "180+1"]
[Date "2022.02.15"]
[WhiteClock "0:00:05"]
[BlackClock "0:00:25"]

1. e4 e5 2. Nf3 Nf6 3. d4 Nxe4 4. Bd3 Nc6 5. d5 Nf6 6. dxc6 e4 7. cxb7 Bxb7 8. Be2 exf3 9. Bxf3 Bxf3 10. Qxf3 Be7 11. O-O O-O 12. c4 d5 13. Rd1 c6 14. cxd5 Nxd5 15. Nc3 Bf6 16. Ne4 Be5 17. Rb1 Qa5 18. a3 Rfe8 19. b4 Qa4 20. Bd2 Rad8 21. g3 Nf6 22. Nc5 Qc2 23. Be3 Nd5 24. Bg5 f6 25. Bd2 h6 26. Rbc1 Qa2 27. Nd3 Bd4 28. Rxc6 Qb3 29. Re1 Bb6 30. Kg2 Rxe1 31. Nxe1 Qa2 32. Rc2 Qa1 33. Qb3 Kh8 34. Nf3 Qd1 35. Rb2 Qxb3 36. Rxb3 Nc7 37. a4 Ne6 38. Be3 Ra8 39. a5 Bxe3 40. Rxe3 Nc7 41. Nd4 Rb8 42. Nc6 Rb7 43. Re7 a6 44. Nd8 Ra7 45. Nc6 Rb7 46. h4 Kg8 47. h5 Kf8 48. Rd7 f5 49. Kh3 Ke8 50. Rxg7 Kf8 51. Rd7 Ke8 52. Rh7 Kf8 53. f4 Kg8 54. Rd7 Kf8 55. Kg2 Ke8 56. Re7+ Kf8 57. Kf2 Kg8 58. Ke2 Kf8 59. Kd3 Kg8 60. Kc4 Kf8 61. Rd7 Ke8 62. Rh7 Kf8 63. Nd4 Ra7 64. Rxh6 Ne8 65. Rg6 Kf7 66. Nxf5 Rc7+ 67. Kb3 Rc1 68. Nh6+ Kf8 69. Rxa6 Rg1 70. Nf5 Rh1 71. h6 Kf7 72. Rb6 Nc7 73. a6 Nd5 74. Rb7+ Kf6 75. a7 Kxf5 76. a8=Q Kg4 77. Rb5 Rg1 78. Qxd5 Rxg3+ 79. Kc4 Kh3 80. Qh5+ Kg2 81. Rg5 1-0


[Site "https://www.chess.com"]

[Event "Titled Tuesday Blitz February 15 Late 2022"]
[White "Zierk, Steven"]
[Black "Vidit, Santosh Gujrathi"]
[WhiteFideId "2034255"]
[BlackFideId "5029465"]
[WhiteElo "2494"]
[BlackElo "2654"]
[Result "1/2-1/2"]
[Round "10"]
[TimeControl "180+1"]
[Date "2022.02.15"]
[WhiteClock "0:00:04"]
[BlackClock "0:00:04"]

1. e4 e5 2. Nf3 Nc6 3. Bc4 Bc5 4. c3 Nf6 5. d4 exd4 6. e5 d5 7. Bb5 Ne4 8. cxd4 Bb6 9. Nc3 O-O 10. Be3 Bg4 11. h3 Bh5 12. Qc2 Bg6 13. Qb3 Ne7 14. O-O c6 15. Bd3 Nf5 16. Rfe1 Nxe3 17. fxe3 Ng3 18. Bxg6 hxg6 19. Na4 Ne4 20. Nc3 Ba5 21. Red1 Bxc3 22. bxc3 b5 23. a4 a6 24. Nd2 Ng3 25. Qc2 Qg5 26. Qd3 Nf5 27. Re1 f6 28. Nf3 Qg3 29. exf6 Rxf6 30. axb5 cxb5 31. Qe2 Rc8 32. Ra3 Rfc6 33. Qf2 Qxf2+ 34. Kxf2 Nd6 35. Ne5 Ne4+ 36. Kg1 Rf6 37. Rea1 Rxc3 38. Rxa6 Rxa6 39. Rxa6 Rxe3 40. Ra8+ Kh7 41. h4 g5 42. h5 Nf6 43. g4 b4 44. Rb8 b3 45. Nf7 Re8 46. Nxg5+ Kg8 47. Rxb3 Nxg4 48. Nh3 Nf6 49. Nf4 Re4 50. Rb8+ Kh7 51. Ng6 Nxh5 52. Nf8+ Kh6 53. Rb6+ Nf6 54. Ne6 Kg6 55. Kf2 Ng4+ 56. Kf3 Nf6 57. Ra6 Kh6 58. Rb6 Rh4 59. Nf4 Kg5 60. Ne6+ Kg6 61. Kg3 Rh8 62. Rb7 Kf5 63. Nxg7+ Ke4 64. Ne6 Rg8+ 65. Kf2 Kd3 66. Rf7 Ne4+ 67. Kf3 Re8 68. Nf4+ Kxd4 69. Rf5 Nd2+ 70. Kg4 Ke3 71. Nxd5+ Kd3 72. Nf4+ Kc2 73. Ng6 Nc4 74. Rf4 Ne3+ 75. Kg5 Nd5 76. Rf5 Nc3 77. Re5 Rxe5+ 78. Nxe5 1/2-1/2


[Site "https://www.chess.com"]

[Event "Titled Tuesday Blitz February 15 Late 2022"]
[White "Abdrlauf, Elham"]
[Black "Gurevich, Dmitry"]
[WhiteFideId "1533533"]
[BlackFideId "2000407"]
[WhiteElo "2334"]
[BlackElo "2506"]
[Result "1-0"]
[Round "11"]
[TimeControl "180+1"]
[Date "2022.02.15"]
[WhiteClock "0:00:08"]
[BlackClock "0:00:10"]

1. e4 c5 2. Nf3 d6 3. d4 cxd4 4. Nxd4 Nf6 5. Nc3 Nc6 6. Bc4 e6 7. Bb3 a6 8. Be3 Qc7 9. Qe2 Na5 10. g4 h6 11. O-O-O b5 12. a3 Nxb3+ 13. Nxb3 Bb7 14. f3 Rc8 15. h4 Nd7 16. g5 Ne5 17. gxh6 gxh6 18. Bd4 Rg8 19. Rhg1 Rxg1 20. Rxg1 Qc4 21. Qe3 Qc7 22. Rg8 Ke7 23. f4 Nc4 24. Qg3 Kd7 25. Rh8 Be7 26. Rh7 Rf8 27. Rxh6 Qc6 28. h5 a5 29. Qd3 b4 30. axb4 axb4 31. Nd1 Qxe4 32. Qxc4 Qxf4+ 33. Kb1 Qxh6 34. Na5 Rb8 35. Qb5+ Kc8 36. Bb6 Qf8 37. Qc4+ Kd7 38. Qc7+ 1-0


[Site "https://www.chess.com"]

[Event "Titled Tuesday Blitz February 15 Late 2022"]
[White "Antolak, Julia"]
[Black "Curtis, John"]
[WhiteFideId "1159569"]
[BlackFideId "3200256"]
[WhiteElo "2104"]
[BlackElo "2203"]
[Result "1-0"]
[Round "11"]
[TimeControl "180+1"]
[Date "2022.02.16"]
[WhiteClock "0:00:21"]
[BlackClock "0:00:01"]

1. e4 Nf6 2. e5 Nd5 3. Bc4 Nb6 4. Bb3 d5 5. exd6 exd6 6. d4 d5 7. c3 Bf5 8. Nf3 Bd6 9. O-O O-O 10. Bg5 f6 11. Bh4 Nc6 12. Bg3 Na5 13. Bc2 Bxc2 14. Qxc2 Bxg3 15. hxg3 Qd7 16. Nbd2 Nac4 17. b3 Nxd2 18. Qxd2 Rae8 19. Rae1 Nc8 20. Qd3 Nd6 21. Nd2 c6 22. c4 Nf5 23. Nf3 h5 24. Rc1 Re4 25. Rfd1 Rfe8 26. cxd5 Qxd5 27. Rc5 Qd7 28. d5 cxd5 29. Rxd5 Qe6 30. Qb5 Nh6 31. Rxh5 Ng4 32. Qd5 Qxd5 33. Rhxd5 Re2 34. R5d2 Nxf2 35. Rxe2 Rxe2 36. Rd8+ Kh7 37. a4 Ne4 38. Rd7 b6 39. Rxa7 Nxg3 40. Rb7 Re6 41. Nd4 Rd6 42. Nb5 Rc6 43. Na7 Rc1+ 44. Kf2 Ne4+ 45. Ke3 Nc5 46. Rxb6 Rb1 47. b4 Nxa4 48. Rb7 Nc3 49. b5 Rb2 50. g3 Rb3 51. Kd4 Ne2+ 52. Kc5 Rb1 53. Nc6 Nc3 54. b6 Na4+ 55. Kd6 Nxb6 56. Ke6 Rg1 57. Rxb6 Rxg3 58. Nd4 Re3+ 59. Kf5 Re5+ 60. Kf4 Kg6 61. Nf3 Rc5 62. Rb7 Rc4+ 63. Kg3 Rc3 64. Kf2 Kh6 65. Nh4 g5 66. Nf5+ Kg6 67. Ne3 f5 68. Rb6+ Kh5 69. Nxf5 Rc4 70. Rh6+ Kg4 71. Ne3+ Kf4 72. Nxc4 1-0


[Site "https://www.chess.com"]

[Event "Titled Tuesday Blitz February 15 Late 2022"]
[White "Antonova, Nadezhda"]
[Black "Osmonbekov, Talaibek"]
[WhiteFideId "14700182"]
[BlackFideId "2017253"]
[WhiteElo "1765"]
[BlackElo "2135"]
[Result "0-1"]
[Round "11"]
[TimeControl "180+1"]
[Date "2022.02.16"]
[WhiteClock "0:00:02"]
[BlackClock "0:00:21"]

1. Nf3 d6 2. b3 e5 3. g3 f5 4. d3 Nf6 5. Bb2 Be7 6. Bg2 O-O 7. O-O Qe8 8. Nbd2 Qh5 9. h3 Nc6 10. e3 f4 11. g4 Bxg4 12. hxg4 Nxg4 13. e4 Rf6 14. Re1 Rg6 15. Kf1 Rf8 16. Ke2 Ne3 17. Rh1 Qg4 18. Bh3 Nxd1 19. Bxg4 Nxb2 20. Bf5 Rg2 21. Be6+ Kh8 22. Bh3 Rg6 23. Bf5 Rh6 24. Rxh6 gxh6 25. Rb1 Nxd3 26. cxd3 Bf6 27. Rh1 Bg7 28. Rc1 Rf7 29. a3 Bf8 30. b4 a6 31. Nc4 Kg7 32. Rg1+ Kf6 33. Rg8 Ne7 34. Rh8 Nxf5 35. exf5 Kg7 36. Rxf8 Kxf8 37. Nh4 Ke7 38. Na5 b6 39. Nc6+ Kf6 40. Kf3 Kg5 41. Ng2 Kxf5 42. Nd8 Rg7 43. Nc6 d5 44. a4 e4+ 45. dxe4+ dxe4+ 46. Ke2 f3+ 0-1


[Site "https://www.chess.com"]

[Event "Titled Tuesday Blitz February 15 Late 2022"]
[White "Arabidze, Meri"]
[Black "Vovk, Orest"]
[WhiteFideId "13604040"]
[BlackFideId "14113490"]
[WhiteElo "2329"]
[BlackElo "2203"]
[Result "1-0"]
[Round "11"]
[TimeControl "180+1"]
[Date "2022.02.15"]
[WhiteClock "0:00:12"]
[BlackClock "0:00:05"]

1. d4 e5 2. dxe5 Nc6 3. Nf3 Qe7 4. Nc3 Nxe5 5. Nxe5 Qxe5 6. g3 Bb4 7. Bd2 Nf6 8. Bg2 O-O 9. O-O d6 10. a3 Ba5 11. b4 Bb6 12. Na4 Qh5 13. Nxb6 axb6 14. e3 Qxd1 15. Rfxd1 Bg4 16. Rdc1 c6 17. c4 Be6 18. Bc3 Ng4 19. Bd4 Ne5 20. Bxe5 dxe5 21. b5 cxb5 22. Bxb7 Ra7 23. Bd5 bxc4 24. Bxe6 fxe6 25. Rxc4 Rfa8 26. Rb1 Rxa3 27. Rxb6 R3a6 28. Rb7 R6a7 29. Rb5 Ra5 30. Rc8+ Rxc8 31. Rxa5 Kf7 32. Rxe5 Kf6 33. Ra5 h6 34. Kg2 Rc2 35. h4 Rb2 36. g4 Rb4 37. Kg3 Re4 38. Ra7 Rb4 39. h5 Rb3 40. Ra8 Kf7 41. Ra6 Kf6 42. Kf4 Rb4+ 43. e4 Rb7 44. f3 Rc7 45. Kg3 Rc3 46. Ra8 Kf7 47. Kf4 Rc7 48. Ra6 Kf6 49. Ra8 Rb7 50. Rf8+ Ke7 51. Rc8 Kf6 52. Ra8 Rc7 53. Ra6 Rb7 54. e5+ Kf7 55. Kg3 Rc7 56. f4 Rb7 57. Kh4 Rb4 58. Ra7+ Kf8 59. Kg3 Rb3+ 60. Kf2 Rb2+ 61. Ke3 Rb3+ 62. Ke2 Rb2+ 63. Kd3 Rb3+ 64. Kc4 Rg3 65. Kc5 Rxg4 66. Kd6 Rxf4 67. Kxe6 Kg8 68. Ke7 Rf5 69. e6 Rxh5 70. Ra8+ Kh7 71. Kd7 Rd5+ 72. Kc6 Re5 73. Kd6 Re2 74. e7 Kg6 75. e8=Q+ Rxe8 76. Rxe8 Kf5 77. Rf8+ Kg4 78. Ke5 g5 79. Ke4 h5 80. Ke3 Kg3 81. Rf5 h4 82. Rxg5+ Kh2 83. Kf2 h3 84. Rh5 1-0


[Site "https://www.chess.com"]

[Event "Titled Tuesday Blitz February 15 Late 2022"]
[White "Bellissimo, Joseph F."]
[Black "Iskusnyh, Sergei"]
[WhiteFideId "2609843"]
[BlackFideId "4120027"]
[WhiteElo "2061"]
[BlackElo "2492"]
[Result "0-1"]
[Round "11"]
[TimeControl "180+1"]
[Date "2022.02.15"]
[WhiteClock "0:00:25"]
[BlackClock "0:00:16"]

1. e4 e6 2. d4 d5 3. Nd2 c5 4. Ngf3 cxd4 5. exd5 Qxd5 6. Bc4 Qd7 7. O-O Nc6 8. Nb3 a6 9. Nbxd4 Nxd4 10. Nxd4 Qc7 11. Bb3 Bd6 12. h3 Ne7 13. Re1 O-O 14. c3 Ng6 15. Qh5 b5 16. Nf3 Qc5 17. Ng5 h6 18. Be3 Qe5 19. f4 Nxf4 20. Bxf4 Qxf4 21. Nf3 Bb7 22. Rf1 Bxf3 23. Rxf3 Qh2+ 24. Kf2 Rac8 25. Qg4 Bc5+ 26. Ke2 Rfd8 27. Rg3 Bf8 28. Rf1 Rc5 29. Qf4 Rf5 30. Rxg7+ Kxg7 31. Qxh2 Bd6 32. g3 Re5+ 33. Kf3 Bc5 34. Qc2 Re3+ 35. Kg2 Rdd3 36. Rf4 Rxg3+ 37. Kf1 Rg1+ 38. Ke2 Re3+ 39. Kd2 Rg2+ 40. Kd1 Rxc2 41. Bxc2 Rxh3 42. a4 Rh1+ 43. Ke2 Rh2+ 44. Kd1 Be3 45. Rf3 Rd2+ 46. Kc1 Bg5 47. Kb1 bxa4 48. Bxa4 h5 49. Be8 f5 50. Bxh5 Kf6 51. Be8 e5 52. Bc6 Re2 53. Rd3 e4 54. Rd6+ Ke5 55. Rd5+ Ke6 56. Ra5 Re1+ 57. Ka2 e3 58. Rxa6 Ke5 59. Bb5 f4 60. Rg6 Bf6 61. Rg8 f3 62. Re8+ Kf4 63. Rf8 Kg5 64. Rg8+ Kh4 65. Rf8 e2 66. Rxf6 Rc1 67. Bxe2 fxe2 68. Re6 e1=Q 69. Rxe1 Rxe1 70. b4 Kg5 71. Kb3 Kf6 72. Ka4 Ke6 73. Ka5 Kd7 74. c4 Ra1+ 75. Kb6 Kc8 76. b5 Rh1 77. c5 Rh5 78. Kc6 Rh6+ 79. Kd5 Kc7 80. Ke5 Rh5+ 81. Kd4 Rg5 82. Kc4 Kd7 83. Kb4 Rg4+ 84. Ka5 Rc4 85. Kb6 Kc8 86. Kc6 Rh4 87. Kb6 Rh5 88. Kc6 Rh6+ 89. Kd5 Rg6 90. Kc4 Kc7 91. Kb4 Rg5 92. Kc4 Rg4+ 93. Kd5 Rb4 94. b6+ Kb7 95. Kd6 Rd4+ 96. Ke5 Rd1 97. Ke6 Kc6 98. b7 Re1+ 99. Kf5 Kxb7 100. Kf4 Kc6 101. Kf3 Rc1 102. Kf2 Rxc5 103. Ke2 Rc4 104. Kd3 Kd5 105. Ke3 Rb4 106. Kd3 Rb3+ 107. Kc2 Kc4 108. Kd2 Ra3 109. Kc2 Ra2+ 110. Kb1 Kb3 111. Kc1 Kc3 112. Kb1 Ra3 113. Kc1 Ra1# 0-1


[Site "https://www.chess.com"]

[Event "Titled Tuesday Blitz February 15 Late 2022"]
[White "Bok, Benjamin"]
[Black "Andreikin, Dmitry"]
[WhiteFideId "1017063"]
[BlackFideId "4158814"]
[WhiteElo "2658"]
[BlackElo "2736"]
[Result "0-1"]
[Round "11"]
[TimeControl "180+1"]
[Date "2022.02.15"]
[WhiteClock "0:00:01"]
[BlackClock "0:00:09"]

1. d4 b6 2. e4 Bb7 3. Bd3 g6 4. Nf3 Bg7 5. O-O e6 6. c3 Ne7 7. Re1 d6 8. Nbd2 Nd7 9. a4 h6 10. a5 g5 11. Nf1 Ng6 12. Ng3 g4 13. a6 Bc8 14. Nd2 h5 15. f3 h4 16. Ne2 g3 17. h3 e5 18. f4 exf4 19. Rf1 Nde5 20. dxe5 dxe5 21. Bb5+ Bd7 22. Qa4 Bxb5 23. Qxb5+ Qd7 24. Qxd7+ Kxd7 25. Nf3 Rad8 26. b3 Ke6 27. Bb2 f5 28. exf5+ Kxf5 29. Rad1 c5 30. c4 Bf6 31. Nc3 e4 32. Nd2 e3 33. Nde4 e2 34. Nxe2 Bxb2 35. Nd6+ Ke6 36. Nb5 Rxd1 37. Rxd1 Rh7 38. Re1 Kf6 39. Rd1 Re7 40. Kf1 Be5 41. Ng1 Bb8 42. Nf3 Ne5 43. Nxe5 Bxe5 44. Rd8 Kf5 45. Ra8 Rd7 46. Rxa7 Rd1+ 47. Ke2 Rg1 48. Rf7+ Ke4 49. a7 Rxg2+ 50. Kd1 Ra2 51. Rf8 g2 52. Rg8 f3 53. Rg4+ Ke3 54. Kc1 f2 55. Kb1 Rxa7 56. Kc2 0-1


[Site "https://www.chess.com"]

[Event "Titled Tuesday Blitz February 15 Late 2022"]
[White "Briscoe, Chris"]
[Black "Burke, Paul"]
[WhiteFideId "408360"]
[BlackFideId "2605767"]
[WhiteElo "2111"]
[BlackElo "1834"]
[Result "1-0"]
[Round "11"]
[TimeControl "180+1"]
[Date "2022.02.16"]
[WhiteClock "0:00:14"]
[BlackClock "0:00:01"]

1. e4 e5 2. Nf3 Nc6 3. Bb5 f5 4. d4 fxe4 5. Nxe5 Nxe5 6. dxe5 c6 7. Nc3 Bb4 8. Bc4 Qe7 9. O-O Qxe5 10. Bxg8 Rxg8 11. f3 Bc5+ 12. Kh1 e3 13. Ne4 Bb6 14. c4 Bc7 15. g3 d5 16. cxd5 cxd5 17. Nc5 d4 18. Qa4+ Kd8 19. Nd3 Qd5 20. Bxe3 dxe3 21. Nb4 Qd7 22. Rad1 Bd6 23. Qb3 Re8 24. Rxd6 Qxd6 25. Rd1 Qxd1+ 26. Qxd1+ Bd7 27. Qe2 Rc8 28. Kg2 a6 29. Nd5 Bb5 30. Qe1 e2 31. Qa5+ Kd7 32. Nb6+ Kc6 33. Qe1 1-0


[Site "https://www.chess.com"]

[Event "Titled Tuesday Blitz February 15 Late 2022"]
[White "Chabris, Christopher"]
[Black "Haszon, David"]
[WhiteFideId "2005263"]
[BlackFideId "733610"]
[WhiteElo "2307"]
[BlackElo "2201"]
[Result "1-0"]
[Round "11"]
[TimeControl "180+1"]
[Date "2022.02.16"]
[WhiteClock "0:01:00"]
[BlackClock "0:01:53"]

1. e4 e5 2. Nf3 Nf6 3. Nxe5 Nxe4 4. Nc3 Nxc3 5. dxc3 d6 6. Nf3 Bf5 7. Be3 Nd7 8. Qd2 Be7 9. Nd4 Be6 10. O-O-O O-O 11. f4 Nc5 12. f5 Bd7 13. Bc4 c6 14. g4 d5 15. Bd3 Nxd3+ 16. Qxd3 Bg5 17. Rde1 Re8 18. h4 Bxe3+ 19. Rxe3 Rxe3 20. Qxe3 Qe8 21. Qf4 c5 22. Nf3 Bc6 23. Re1 Qd7 24. f6 Re8 25. Qg5 Rxe1+ 26. Nxe1 Qxg4 27. Qxg4 1-0


[Site "https://www.chess.com"]

[Event "Titled Tuesday Blitz February 15 Late 2022"]
[White "Chernomordik, Pavel"]
[Black "Hoffmann, Asa"]
[WhiteFideId "2804530"]
[BlackFideId "2001470"]
[WhiteElo "2249"]
[BlackElo "2117"]
[Result "0-1"]
[Round "11"]
[TimeControl "180+1"]
[Date "2022.02.16"]
[WhiteClock "0:00:40"]
[BlackClock "0:01:35"]

1. e4 d6 2. d4 Nf6 3. Nc3 c6 4. Bg5 Nbd7 5. f4 Qa5 6. Bd3 e5 7. fxe5 dxe5 8. dxe5 Nxe5 9. Bxf6 gxf6 10. h3 Be6 11. a3 O-O-O 12. Qe2 Bb4 13. axb4 Qxa1+ 14. Kf2 Qxb2 15. Nd1 Qxb4 16. Nf3 Qc5+ 17. Ne3 Rhg8 18. g4 Bxg4 19. hxg4 Nxg4+ 20. Ke1 Qxe3 21. Qxe3 Nxe3 22. Rxh7 Rd7 23. Ke2 Ng4 24. Bc4 Ne5 25. Nxe5 fxe5 26. Bxf7 Re8 0-1


[Site "https://www.chess.com"]

[Event "Titled Tuesday Blitz February 15 Late 2022"]
[White "Debray, Christopher"]
[Black "Bon, Michael"]
[WhiteFideId "630810"]
[BlackFideId "620696"]
[WhiteElo "2369"]
[BlackElo "2466"]
[Result "0-1"]
[Round "11"]
[TimeControl "180+1"]
[Date "2022.02.16"]
[WhiteClock "0:00:13"]
[BlackClock "0:00:08"]

1. d4 d5 2. Bf4 Nf6 3. e3 c5 4. c3 e6 5. Nd2 Bd6 6. Bg3 Nc6 7. Ngf3 O-O 8. Ne5 Bxe5 9. dxe5 Nd7 10. Bd3 h6 11. f4 f5 12. exf6 Qxf6 13. O-O b6 14. e4 Bb7 15. Qh5 Qf7 16. Qxf7+ Rxf7 17. Rae1 c4 18. Nxc4 dxc4 19. Bxc4 Kh8 20. Bxe6 Re7 21. Bd5 Nf6 22. c4 Nd4 23. Bh4 Bxd5 24. cxd5 Rxe4 25. Bxf6 Rxe1 26. Bxd4 Rxf1+ 27. Kxf1 Rd8 28. Ke2 Rxd5 29. Ke3 Kg8 30. b4 Kf7 31. a4 g6 32. Ke4 Ke6 33. g4 h5 34. h3 hxg4 35. hxg4 b5 36. a5 a6 37. Bc5 Rd1 38. Bd4 Re1+ 39. Kd3 Kd5 40. Bc5 Re4 41. f5 Rxg4 42. f6 Rf4 43. Be7 Rf5 44. Ke3 Ke6 45. Ke4 g5 46. Bd8 g4 47. Bc7 Rxf6 48. Bg3 Rf3 49. Kd4 Rxg3 50. Kc5 Rf3 51. Kb6 g3 52. Kxa6 g2 53. Kxb5 g1=Q 54. a6 Qf1+ 55. Ka5 Ra3+ 56. Kb6 Qxa6+ 0-1


[Site "https://www.chess.com"]

[Event "Titled Tuesday Blitz February 15 Late 2022"]
[White "Degardin, Sylvain"]
[Black "Tasev, Dejan"]
[WhiteFideId "20623070"]
[BlackFideId "936618"]
[WhiteElo "2156"]
[BlackElo "2253"]
[Result "1-0"]
[Round "11"]
[TimeControl "180+1"]
[Date "2022.02.15"]
[WhiteClock "0:00:31"]
[BlackClock "0:01:04"]

1. d4 Nf6 2. c4 e6 3. Nf3 d5 4. Nc3 Be7 5. Bf4 c6 6. e3 O-O 7. Qc2 Nbd7 8. a3 dxc4 9. Bxc4 b5 10. Bd3 Bb7 11. O-O a6 12. Ne4 c5 13. Nxc5 Nxc5 14. dxc5 Bxf3 15. gxf3 Qd5 16. c6 Qxf3 17. Rac1 Rac8 18. Bg3 Qh5 19. Rfd1 Rfd8 20. c7 Rd5 21. Be2 Qg5 22. Bf3 Rxd1+ 23. Rxd1 Nd5 24. Bxd5 exd5 25. Qc6 Qg4 26. Rxd5 h5 27. Qd7 Bf6 28. Qxg4 hxg4 29. Be5 Kh7 30. Bxf6 gxf6 31. Rd7 Kg6 32. e4 f5 33. exf5+ Kxf5 34. Rxf7+ Ke6 35. Rg7 Kf5 36. Kg2 Kf4 37. Rf7+ Kg5 38. Kg3 a5 39. f3 gxf3 40. Kxf3 a4 41. Ke4 1-0


[Site "https://www.chess.com"]

[Event "Titled Tuesday Blitz February 15 Late 2022"]
[White "Demchenko, Anton"]
[Black "Nazaretyan, Tigran"]
[WhiteFideId "4160258"]
[BlackFideId "24162345"]
[WhiteElo "2539"]
[BlackElo "2192"]
[Result "1-0"]
[Round "11"]
[TimeControl "180+1"]
[Date "2022.02.15"]
[WhiteClock "0:00:13"]
[BlackClock "0:00:03"]

1. e4 c5 2. Nf3 d6 3. d4 cxd4 4. Qxd4 Nc6 5. Qe3 g6 6. h3 Bg7 7. Nc3 Nf6 8. Bc4 O-O 9. O-O a6 10. a4 Qc7 11. Qe2 b6 12. Bg5 e6 13. Rfd1 Bb7 14. Bb3 h6 15. Bf4 Ne5 16. Nd4 Rfd8 17. Bxe6 fxe6 18. Nxe6 Qe7 19. Nxd8 Rxd8 20. Be3 Qc7 21. Bd4 Kh7 22. Bxe5 dxe5 23. Rxd8 Qxd8 24. Rd1 Qc7 25. Nd5 Nxd5 26. exd5 Qd6 27. Qe4 b5 28. axb5 axb5 29. c3 h5 30. b3 Bc8 31. Qe2 Bd7 32. c4 bxc4 33. bxc4 Qc5 34. d6 Bf6 35. Qe4 Kg7 36. Qb7 Qc6 37. Qxc6 Bxc6 38. d7 Bd8 39. Rd6 Ba4 40. Ra6 Bxd7 41. Ra7 Kf6 42. Rxd7 Be7 43. f3 Ke6 44. Rd5 h4 45. Kf1 g5 46. Ke2 Bb4 47. Kd3 Ba3 48. Rb5 Kf5 49. c5 Kf4 50. c6 Bd6 51. Rd5 Bb8 52. Rd8 Bc7 53. Rd7 Bb6 54. Rg7 Ba5 55. Ke2 Bb6 56. Rb7 Ba5 57. Rb5 Bc7 58. Rb4+ Kf5 59. Kd3 Ke6 60. Ke4 Kd6 61. Rc4 Bd8 62. Rc2 Bc7 63. Kf5 Kd5 64. Kxg5 e4 65. fxe4+ Kxe4 66. Kxh4 Kd3 67. Ra2 Ke4 68. Kg4 Kd5 69. Rc2 Ke6 70. h4 Kf6 71. h5 Kg7 72. Rc4 Kf6 73. Kh3 Kg5 74. g4 1-0


[Site "https://www.chess.com"]

[Event "Titled Tuesday Blitz February 15 Late 2022"]
[White "Desideri, Ricardo Maruchi"]
[Black "Vargas Pereda, Jesus Manue"]
[WhiteFideId "2110440"]
[BlackFideId "5115710"]
[WhiteElo "1945"]
[BlackElo "1774"]
[Result "1-0"]
[Round "11"]
[TimeControl "180+1"]
[Date "2022.02.16"]
[WhiteClock "0:00:38"]
[BlackClock "0:00:03"]

1. e4 c5 2. Nf3 Nc6 3. d4 cxd4 4. Nxd4 e5 5. Nb5 d6 6. N1c3 a6 7. Na3 Nf6 8. Bd3 b5 9. Nd5 Nxd5 10. exd5 Ne7 11. O-O Bf5 12. Bg5 f6 13. Be3 Bxd3 14. Qxd3 Ng6 15. c4 bxc4 16. Nxc4 Be7 17. Bb6 Qd7 18. Na5 O-O 19. Nc6 Rac8 20. g3 Rxc6 21. dxc6 Qxc6 22. Qb3+ Kh8 23. a4 f5 24. Rac1 Qe4 25. Rc4 Qd5 26. Rd1 Qb7 27. Rc7 Qb8 28. a5 f4 29. Qe6 fxg3 30. hxg3 Qa8 31. Rxe7 Nxe7 32. Qxe7 Qf3 33. Rxd6 h5 34. Rd8 Rxd8 35. Qxd8+ Kh7 36. Qh4 Qd1+ 37. Kh2 g6 38. Qe4 Qg4 39. Qxg4 hxg4 40. Kg2 e4 41. Kf1 Kg7 42. Ke2 Kf7 43. Ke3 Ke6 44. Kxe4 1-0


[Site "https://www.chess.com"]

[Event "Titled Tuesday Blitz February 15 Late 2022"]
[White "Dias, Joao Batista"]
[Black "Namitbir Singh Walia"]
[WhiteFideId "2108240"]
[BlackFideId "35071068"]
[WhiteElo "1898"]
[BlackElo "1479"]
[Result "0-1"]
[Round "11"]
[TimeControl "180+1"]
[Date "2022.02.16"]
[WhiteClock "0:01:22"]
[BlackClock "0:01:18"]

1. e4 c5 2. Nf3 Nc6 3. d4 cxd4 4. Nxd4 g6 5. Nxc6 bxc6 6. Qd4 Nf6 7. e5 Nd5 8. e6 f6 9. exd7+ Bxd7 10. c4 e5 11. Qd1 Bb4+ 12. Bd2 Bxd2+ 13. Nxd2 Nf4 14. Ne4 O-O 15. g3 Ne6 16. Bg2 Rb8 17. b3 Qa5+ 18. Qd2 Qxd2+ 19. Kxd2 Rfd8 20. Kc3 Nd4 21. Rhe1 Kf7 22. f4 Bg4 23. fxe5 fxe5 24. Ng5+ Kf6 25. Ne4+ Kg7 26. Nf2 Bf3 27. Bxf3 Nxf3 28. Re3 Rf8 29. Rd1 Nxh2 30. Nh3 Ng4 31. Re4 h5 32. Rd7+ Kh6 33. Rxa7 Rf3+ 34. Kb2 Rxg3 35. Nf2 Nxf2 36. Rxe5 Nd3+ 0-1


[Site "https://www.chess.com"]

[Event "Titled Tuesday Blitz February 15 Late 2022"]
[White "Fiorito, Fabian"]
[Black "Janaszak, Dawid"]
[WhiteFideId "100200"]
[BlackFideId "1119206"]
[WhiteElo "2395"]
[BlackElo "2199"]
[Result "0-1"]
[Round "11"]
[TimeControl "180+1"]
[Date "2022.02.16"]
[WhiteClock "0:02:37"]
[BlackClock "0:01:13"]

1. d4 Nf6 2. Nc3 d5 3. Bf4 c6 4. e3 g6 5. Be2 Bg7 6. h4 h5 7. Nf3 Qb6 8. Qd2 Bf5 9. O-O-O Nbd7 10. Ne5 Nxe5 11. Bxe5 O-O 12. f3 c5 13. Na4 Qc6 14. Nxc5 b6 15. Nb3 Rfc8 16. Bd3 Bxd3 17. Qxd3 a5 18. Kb1 a4 19. Nd2 b5 20. Bxf6 Bxf6 21. g4 a3 22. b3 Qc3 23. gxh5 Qb2# 0-1


[Site "https://www.chess.com"]

[Event "Titled Tuesday Blitz February 15 Late 2022"]
[White "Fishbein, Alexander"]
[Black "Foisor, Sabina-Francesca"]
[WhiteFideId "2000377"]
[BlackFideId "1212915"]
[WhiteElo "2442"]
[BlackElo "2243"]
[Result "1-0"]
[Round "11"]
[TimeControl "180+1"]
[Date "2022.02.15"]
[WhiteClock "0:00:14"]
[BlackClock "0:00:15"]

1. e4 c6 2. d4 g6 3. Nc3 d5 4. h3 Bg7 5. Nf3 Nf6 6. e5 Ne4 7. Bd3 Nxc3 8. bxc3 c5 9. dxc5 Nc6 10. Bf4 O-O 11. O-O Qa5 12. Re1 Qxc3 13. Qc1 Qxc5 14. Bh6 Nd4 15. Nxd4 Qxd4 16. Bxg7 Kxg7 17. Qg5 Qc5 18. h4 h6 19. Qg3 h5 20. e6 Qd6 21. Qxd6 exd6 22. e7 Re8 23. Bb5 Be6 24. Bxe8 Rxe8 25. Rab1 Rxe7 26. Rb4 Rc7 27. Re2 Kf6 28. f3 Bf5 29. Rb5 d4 30. Rd5 Rc6 31. Rxd4 Be6 32. a4 Bc4 33. Red2 d5 34. Kf2 Ra6 35. Rf4+ Ke6 36. Rd1 f6 37. Re1+ Kf7 38. g4 Rxa4 39. gxh5 gxh5 40. Re5 Ra2 41. Rxh5 Rxc2+ 42. Kg3 Kg6 43. Rh8 b5 44. h5+ Kg7 45. Rb8 a5 46. Rg4+ Kf7 47. h6 Bd3 48. Rg7+ Ke6 49. h7 Bxh7 50. Rxh7 b4 51. Ra7 Ra2 52. Rxb4 axb4 53. Rxa2 Kd6 54. Kf4 Kc5 55. Ke3 Kc4 56. Ra8 Kc3 57. Rc8+ Kb2 58. Kd4 b3 59. Kxd5 Kb1 60. Ke6 b2 61. Rb8 Kc2 62. Kxf6 b1=Q 63. Rxb1 Kxb1 64. f4 1-0


[Site "https://www.chess.com"]

[Event "Titled Tuesday Blitz February 15 Late 2022"]
[White "Gatterer, Florian"]
[Black "Levine, Joseph"]
[WhiteFideId "811688"]
[BlackFideId "30940346"]
[WhiteElo "2218"]
[BlackElo "1802"]
[Result "1/2-1/2"]
[Round "11"]
[TimeControl "180+1"]
[Date "2022.02.16"]
[WhiteClock "0:00:09"]
[BlackClock "0:00:08"]

1. Nf3 d5 2. e3 Nf6 3. c4 e6 4. Nc3 c5 5. cxd5 exd5 6. d4 Nc6 7. Bb5 Bd7 8. O-O a6 9. Be2 Rc8 10. h3 cxd4 11. Nxd4 Bd6 12. Nxc6 Bxc6 13. b3 Qe7 14. Bb2 O-O 15. Rc1 Rfd8 16. Bf3 Qe5 17. g3 Qf5 18. Bg2 h5 19. Ne2 Bb8 20. Nd4 Qg6 21. Qc2 Ne4 22. Bxe4 dxe4 23. Nxc6 Rxc6 24. Qe2 h4 25. Rxc6 Qxc6 26. Qg4 f6 27. Qxh4 Rd2 28. Bd4 Rxa2 29. Qg4 Rc2 30. h4 Kf7 31. h5 Be5 32. Qg6+ Kf8 33. Bxe5 fxe5 34. Qf5+ Kg8 35. Qxe5 Rc5 36. Qf4 Rxh5 37. Rd1 Rd5 38. Rxd5 Qxd5 39. Qb8+ Kh7 40. Qe8 Qxb3 41. Qh5+ Kg8 42. Qe8+ Kh7 43. Qh5+ Kg8 44. Qe8+ Kh7 1/2-1/2


[Site "https://www.chess.com"]

[Event "Titled Tuesday Blitz February 15 Late 2022"]
[White "Golubev, Mikhail"]
[Black "Daianu, Cristian-Clement"]
[WhiteFideId "14100983"]
[BlackFideId "1208926"]
[WhiteElo "2374"]
[BlackElo "2159"]
[Result "0-1"]
[Round "11"]
[TimeControl "180+1"]
[Date "2022.02.16"]
[WhiteClock "0:00:03"]
[BlackClock "0:01:17"]

1. e4 e5 2. Nf3 Nc6 3. Bb5 a6 4. Ba4 d6 5. O-O Nf6 6. Re1 Be7 7. d4 b5 8. dxe5 bxa4 9. exf6 Bxf6 10. c3 O-O 11. Qxa4 Bd7 12. Nbd2 Re8 13. Qc2 a5 14. h3 a4 15. Nf1 Ra5 16. Bf4 Qc8 17. b4 axb3 18. axb3 Rc5 19. Rac1 Rxc3 20. Qd1 Rxc1 21. Qxc1 Qb7 22. N1d2 Nb4 23. Qc4 Be6 24. Qf1 h6 25. Nc4 Nc2 26. Rb1 d5 27. exd5 Bxd5 28. Ncd2 Nd4 29. Nxd4 Bxd4 30. Qd3 c5 31. Nf3 Be4 32. Qe2 Re6 33. Rc1 Rf6 0-1


[Site "https://www.chess.com"]